 Dungeon Crawl Stone Soup version 0.18.1-5-g4a78601 (webtiles) character file.

109 varam the Chopper (level 4, -2/40 HPs)
             Began as a Hill Orc Gladiator on May 9, 2016.
             Slain by Natasha (6 damage)
             ... on level 2 of the Dungeon.
             The game lasted 00:04:15 (2181 turns).

varam the Chopper (Hill Orc Gladiator)              Turns: 2181, Time: 00:04:15

Health: -2/40      AC:  6    Str: 18    XL:     4   Next: 90%
Magic:  4/4        EV: 11    Int:  8    God:
Gold:   65         SH:  0    Dex: 11    Spells: 0 memorised, 3 levels left

rFire  . . .     SeeInvis .     a - +0 war axe
rCold  . . .     Gourm    .     p - +0 ring mail
rNeg   . . .     Faith    .     (no shield)
rPois  .         Spirit   .     c - +0 helmet
rElec  .         Dismiss  .     (no cloak)
rCorr  .         Reflect  .     (no gloves)
SustAt .         Harm     .     (no boots)
MR     .....                    (no amulet)
Stlth  +.........               (no ring)
                                (no ring)

@: slowed, very slow, not resistant to hostile enchantments, very unstealthy
A: no striking features
a: no special abilities


You were on level 2 of the Dungeon.
You were not hungry.

You visited 1 branch of the dungeon, and saw 2 of its levels.

You collected 65 gold pieces.

Inventory:

Hand Weapons
 a - a +0 war axe (weapon)
 l - a +0 dagger of venom
Missiles
 d - 3 throwing nets (quivered)
 h - 2 tomahawks
Armour
 b - a +0 leather armour
 c - a +0 helmet (worn)
 p - a +0 ring mail (worn)
Jewellery
 o - an uncursed ring of resist corrosion {unknown}
Scrolls
 g - 5 scrolls of remove curse {unknown}
 i - 2 scrolls of fog {unknown}
 k - a scroll of teleportation {unknown}
 n - a scroll of enchant weapon {unknown}
 q - a scroll of magic mapping {unknown}
 r - a scroll of amnesia {unknown}
 v - a scroll of noise {unknown}
Potions
 e - 2 potions of flight {unknown}
 j - a potion of curing {unknown}
 m - 2 potions of invisibility {unknown}
Comestibles
 f - 2 bread rations
 s - a meat ration
 t - 4 chunks of flesh


   Skills:
 + Level 3.9 Fighting
 + Level 6.2 Axes
 - Level 1.7 Throwing
 - Level 2.4 Dodging


You had 3 spell levels left.
You didn't know any spells.

Dungeon Overview and Level Annotations

Branches:
Dungeon (2/15)

Altars:
Pakellas
Trog

Annotations:
D:2 Natasha


Message History

You feel as though you will be slow longer.
The crimson imp hits you.
* * * LOW HITPOINT WARNING * * *
The iron imp closely misses you. The crimson imp barely misses you.
Natasha closely misses you. The crimson imp hits you.
* * * LOW HITPOINT WARNING * * *
Natasha casts a spell at you. You resist with some effort.
The crimson imp disappears in a puff of smoke!
There is an open door here.
You are too injured to fight recklessly!
You barely miss Natasha. You hit the iron imp but do no damage.
Natasha claws you but does no damage.
Natasha zaps a wand.
You resist with some effort. The iron imp puffs mist at you.
The iron imp closely misses you.
You hit Natasha but do no damage. You hit the iron imp but do no damage.
Natasha claws you.
You die...

....#.#########..................
......# #...........#####...
...###########...................
...#......................#####..
...#..................)....####..
...+.............(............'..
...#.....................#..###..
..)#............h5.......##.###..
...#..........##@##########..##..
..............##......### ##.##..
####..........##.......^# #.##..
#..........##........# #.##..
#..........##........# #.##..
#.(..............#...####..#..
####.####................#.#..
#.# #................#.##. #.#
#................#.##.


You could see an iron imp and Natasha.

Vanquished Creatures
  Natasha (D:2)
  4 adders (D:2)
  2 worms (D:2)
  A dart slug (D:2)
  A giant gecko (D:1)
  2 giant cockroaches
  5 goblins
  4 hobgoblins
  4 jackals
  A quokka (D:2)
  4 bats
  2 giant newts (D:2)
  5 kobolds
  2 rats
38 creatures vanquished.

Notes
Turn   | Place    | Note
--------------------------------------------------------------
     0 | D:1      | varam the Hill Orc Gladiator began the quest for the Orb.
     0 | D:1      | Reached XP level 1. HP: 18/18 MP: 1/1
    60 | D:1      | Reached XP level 2. HP: 23/25 MP: 2/2
   375 | D:1      | Reached skill level 5 in Axes
   682 | D:2      | Found an oddly glowing altar of Pakellas.
   682 | D:2      | Found a bloodstained altar of Trog.
   773 | D:2      | Reached XP level 3. HP: 30/30 MP: 3/3
  1392 | D:2      | Reached XP level 4. HP: 25/38 MP: 4/4
  1519 | D:2      | Noticed Natasha
  1527 | D:2      | Killed Natasha
  1696 | D:2      | Reached skill level 6 in Axes
  2161 | D:2      | Noticed Natasha
  2181 | D:2      | Slain by Natasha

Skill      XL: |  1  2  3  4 |
---------------+-------------+-----
Axes           | 5 6 |  6.2
Fighting       | 3 |  3.9
Throwing       | |  1.7
Dodging        | |  2.4

Action                   |  1- 3 |  4- 6 || total
-------------------------+-------+-------++-------
Melee: War axe           |    79 |    54 ||   133
       Dagger            |     5 |       ||     5
 Fire: Hunting sling     |     5 |     4 ||     9
  Eat: Chunk             |     1 |     3 ||     4
Armor: Leather armour    |    12 |       ||    12
       Ring mail         |    24 |    18 ||    42
Dodge: Dodged            |    66 |    33 ||    99
